 Dungeon Crawl Stone Soup version 0.28.0-47-ge53b351184 (webtiles) character file.

Game seed: 6382143250097346351

350 Faeu the Covered (level 6, -8/56 HPs)
             Began as a Minotaur Fighter on May 10, 2022.
             Mangled by Duvessa
             ... wielding a +0 short sword
              (15 damage)
             ... on level 4 of the Dungeon.
             The game lasted 00:05:34 (2204 turns).

Faeu the Covered (Minotaur Fighter)                 Turns: 2204, Time: 00:05:34

Health: -8/56      AC:  7    Str: 23    XL:     6   Next: 34%
Magic:  5/5        EV: 10    Int:  5    God:
Gold:   135        SH:  4    Dex:  9    Spells: 5/5 levels left

rFire   . . .      SeeInvis .   a - +0 war axe {axe}
rCold   . . .      Faith    .   c - +0 buckler
rNeg    . . .      Spirit   .   b - +0 scale mail
rPois   .          Reflect  .   (helmet restricted)
rElec   .          Harm     .   (no cloak)
rCorr   .          Rampage  .   (no gloves)
Will    .....                   (no boots)
Stlth   ..........              (no amulet)
HPRegen 0.18/turn               (no ring)
MPRegen 0.09/turn               (no ring)

@: mighty, lit by a corona, glowing
A: horns 2, retaliatory headbutt
a: no special abilities


You were on level 4 of the Dungeon.
You visited 1 branch of the dungeon, and saw 4 of its levels.

You collected 135 gold pieces.


Innate Abilities, Weirdness & Mutations

You have a pair of horns on your head.
You reflexively headbutt those who attack you in melee.


   Skills:
 + Level 5.0 Fighting
 + Level 4.2 Axes
 + Level 5.0 Armour
 + Level 2.9 Dodging
 + Level 5.0 Shields


You had 5 spell levels left.
You didn't know any spells.
Your spell library contained the following spells:

 Spells                   Type           Power      Damage    Failure   Level
 Sting                    Tmut/Pois      0%         1d3       86%         1
 Poisonous Vapours        Pois/Air       0%         N/A       94%         2
 Olgreb's Toxic Radiance  Pois           0%         N/A       100%        4

Inventory:

Hand Weapons
 a - a +0 war axe (weapon) {axe}
Armour
 b - a +0 scale mail (worn)
 c - a +0 buckler (worn)
Scrolls
 e - 2 scrolls of identify {unknown}
 f - 2 scrolls of vulnerability {unknown}
 h - a scroll of magic mapping {unknown}
 i - a scroll of noise {unknown}
Potions
 d - a potion of might
 g - a potion of attraction {unknown}

Dungeon Overview and Level Annotations

Branches:
Dungeon (4/15)
 Temple: D:4-7

Altars:
Kikubaaqudgha

Annotations:
D:2 Terence
D:4 Duvessa

#.#....###.......
#.##.#..#..#......
#.##..............
#.##..#.†.........
######.###...#.#......
#...........##......#
#.###..#######..#...#
##...#### #).....###
#.......# #@e.......
#....##.# #.#######.
#.#.## ...... #.#.#
##.... #.#.# #.....
#.#.# #..#### #.#.#.#
#..# #.#.#.. ....
#.#.#


You could see Duvessa (berserk, fast).


Message History

The hound zombie bites you. The centaur zombie barely misses you.
You furiously retaliate!
You headbutt the centaur zombie. The centaur zombie barely misses you.
The hound zombie closely misses you. 😕 HP[-3]
You take 3 damage, and now have 42/55 hp.
You slash the centaur zombie!
You destroy the centaur zombie!
You hit the hound zombie. You block the hound zombie's attack.
Duvessa, Sister of Dowan comes into view.
She is wielding a +0 short sword.
The hound zombie barely misses you.
Your Armour skill increases to level 5!
You barely miss the hound zombie.
Duvessa shouts!
The hound zombie barely misses you. You furiously retaliate!
You headbutt the hound zombie. 😕 HP[+1]
You slash the hound zombie! You headbutt the hound zombie!
You destroy the hound zombie!
You block the adder zombie's attack.
A giant cockroach comes into view.
Your Fighting skill increases to level 5!
Your Shields skill increases to level 5! 😕 HP[+1]
You now have 56 max hp (+1).
You closely miss the adder zombie. The adder zombie bites you. 😕 HP[-1]
You take 1 damage, and now have 43/56 hp.
You hit the adder zombie. The adder zombie barely misses you.
Duvessa throws a stone.
The stone hits you.
The adder zombie barely misses you. 😮 HP[-1]
You take 1 damage, and now have 42/56 hp.
You closely miss the adder zombie. You block the adder zombie's attack.
You closely miss the adder zombie. The adder zombie barely misses you.
Dowan, Brother of Duvessa comes into view.
He is wielding a +0 dagger.
Duvessa throws a stone.
The stone hits you. The adder zombie bites you. 😮 HP[-5]
You take 5 damage, and now have 37/56 hp.
You barely miss the adder zombie.
Dowan shouts!
You headbutt the adder zombie, but do no damage.
The adder zombie bites you but does no damage.
You closely miss the adder zombie. You hit the giant cockroach.
You kill the giant cockroach!
The adder zombie closely misses you.
The adder zombie bites you but does no damage.
Duvessa closely misses you.
You barely miss Duvessa. You barely miss the adder zombie.
The adder zombie bites you.
Duvessa says, "Practise, practise, practise!
One day you'll be as good as me." Duvessa barely misses you. 😮 HP[-1]
You take 1 damage, and now have 36/56 hp.
You hit Duvessa but do no damage. You barely miss the adder zombie.
You block the adder zombie's attack. Duvessa hits you with a +0 short sword!
* * * LOW HITPOINT WARNING * * *
The adder zombie bites you but does no damage. 😨 HP[-11]
You take 11 damage, and now have 25/56 hp.
You hit Duvessa but do no damage. You barely miss the adder zombie.
Duvessa closely misses you. You furiously retaliate!
You headbutt Duvessa, but do no damage. The adder zombie bites you.
* * * LOW HITPOINT WARNING * * *
Duvessa hits you with a +0 short sword!
* * * LOW HITPOINT WARNING * * *
😨 HP[-7]
You take 7 damage, and now have 18/56 hp.
You hit Duvessa. You headbutt Duvessa. You slash Dowan!
You barely miss the adder zombie. The adder zombie closely misses you.
Dowan points at you and mumbles some strange words.
You resist with some effort. Duvessa closely misses you.
You block the adder zombie's attack.
You feel very mighty all of a sudden. Dowan gestures at you while chanting.
You are outlined in light.
Duvessa hits you but does no damage.
The adder zombie bites you but does no damage.
You closely miss Duvessa. You barely miss Dowan. You slash the adder zombie!
You destroy the adder zombie!
Dowan casts a spell at you. The puff of flame hits you.
* * * LOW HITPOINT WARNING * * *
Duvessa says, "Where magic fails, the sword succeeds!"
Duvessa barely misses you. You block Dowan's attack. 😱 HP[-6]
You take 6 damage, and now have 12/56 hp.
You barely miss Duvessa. You slash Dowan! Duvessa completely misses you.
Dowan hits you with a +0 dagger.
* * * LOW HITPOINT WARNING * * *
You block Duvessa's attack. 😱 HP[-5]
You take 5 damage, and now have 7/56 hp.
You slash Duvessa! Your headbutt misses Duvessa. You hit Dowan.
Dowan points at Duvessa and mumbles some strange words.
Duvessa seems to speed up.
Duvessa closely misses you. You furiously retaliate!
You headbutt Duvessa. You barely miss Duvessa. You slash Dowan!
You kill Dowan!
Duvessa screams, "No!
How DARE you!"
Duvessa goes berserk!
Duvessa hits you but does no damage. Duvessa hits you with a +0 short sword!
You die...

Skill      XL: |  1  2  3  4  5  6 |
---------------+-------------------+-----
Dodging        | 1 2 |  2.9
Fighting       | 4 5 |  5.0
Armour         | 4 5 |  5.0
Shields        | 4 5 |  5.0
Axes           | 3 4 |  4.2

Action                   |  1- 3 |  4- 6 || total
-------------------------+-------+-------++-------
Melee: War axe           |    74 |    76 ||   150
       Headbutt          |    14 |    16 ||    30
  Use: Potion            |       |     1 ||     1
Armor: Scale mail        |    42 |    39 ||    81
Dodge: Dodged            |    46 |    59 ||   105
Block: Buckler           |    18 |    19 ||    37

Levels and vault maps discovered:
D:1:      dpeg_arrival_tiny_g, layout_basic
D:2:      layout_basic, shapermc_ecumenical_altar_petra, basic_altar,
          st_stairs_8, minmay_tiny_reverse_x, uniq_terence
D:3:      layout_rooms, nicolae_overflow_crystal_walls
D:4:      cheibrodos_quashed, layout_loops_ring, serial_undead, serial_undead_f,
          serial_undead_a, serial_undead_d, serial_undead_a, uniq_duvessa

Notes
Turn   | Place    | Note
-------+----------+-------------------------------------------
     0 | D:1      | Faeu the Minotaur Fighter began the quest for the Orb.
     0 | D:1      | Reached XP level 1. HP: 19/19 MP: 0/0
     0 | D:1      | magus.rc [v1.9.6]
   103 | D:1      | Reached XP level 2. HP: 12/27 MP: 1/1
   525 | D:1      | Reached skill level 1 in Dodging
   775 | D:1      | You add the spells Sting, Poisonous Vapours and Olgreb's
                  | Toxic Radiance to your library.
   878 | D:2      | Reached skill level 4 in Fighting
   878 | D:2      | Reached skill level 4 in Armour
   878 | D:2      | Reached skill level 4 in Shields
   878 | D:2      | Reached XP level 3. HP: 22/33 MP: 2/2
  1005 | D:2      | Reached skill level 3 in Axes
  1046 | D:2      | Noticed Terence
  1351 | D:3      | Found an ancient bone altar of Kikubaaqudgha.
  1574 | D:3      | Reached XP level 4. HP: 40/40 MP: 3/3
  1936 | D:4      | Reached skill level 2 in Dodging
  1941 | D:4      | Reached XP level 5. HP: 46/47 MP: 4/4
  2186 | D:4      | Reached skill level 4 in Axes
  2186 | D:4      | Reached XP level 6. HP: 45/55 MP: 5/5
  2187 | D:4      | Noticed Duvessa
  2188 | D:4      | Reached skill level 5 in Armour
  2190 | D:4      | Reached skill level 5 in Fighting
  2190 | D:4      | Reached skill level 5 in Shields
  2193 | D:4      | Noticed Dowan
  2201 | D:4      | HP: 12/56 [Dowan/puff of flame (6)]
  2204 | D:4      | Killed Dowan
  2204 | D:4      | Mangled by Duvessa

Vanquished Creatures
  A water moccasin zombie (D:4)
  Dowan (D:4)
  A water moccasin skeleton (D:4)
  A centaur zombie (D:4)
  An iguana (D:4)
  2 hound zombies (D:4)
  A hound skeleton (D:4)
  4 gnolls
  4 adders
  2 adder zombies (D:4)
  A worm (D:2)
  2 dart slugs
  8 ball pythons
  3 bats
  An endoplasm (D:1)
  4 giant cockroaches
  8 goblins
  4 hobgoblins
  5 jackals
  5 kobolds
  4 quokkas
  2 frilled lizards
  2 rats (D:3)
67 creatures vanquished.

Vanquished Creatures (others)
  2 withered plants (D:4)
2 creatures vanquished.

Grand Total: 69 creatures vanquished

Table legend:
 A = Non-vault XP
 B = Vault XP
 C = Vault XP percentage of total XP
 D = Non-vault monster count
 E = Vault monster count
 F = Vault count percentage of total count
                 A         B        C        D         E       F
            +---------+---------+-------+---------+---------+-------
      Total |     225 |     348 |  60.7 |      55 |      12 |  17.9
            +---------+---------+-------+---------+---------+-------
        D:1 |      33 |       0 |   0.0 |      18 |       0 |   0.0
        D:2 |      40 |      16 |  28.6 |       7 |       3 |  30.0
        D:3 |      72 |       0 |   0.0 |      19 |       0 |   0.0
        D:4 |      80 |     332 |  80.6 |      11 |       9 |  45.0
            +---------+---------+-------+---------+---------+-------

Illustrated notes

Table legend:
 A = Kills in this place as a percentage of kills in entire the game.
 B = Kills by you in this place as a percentage of kills by you in the entire game.
 C = Kills by friends in this place as a percentage of kills by friends in the entire game.
 D = Other kills in this place as a percentage of other kills in the entire game.
 E = Experience gained in this place as a percentage of experience gained in the entire game.
 F = Experience gained in this place divided by the number of levels of this place that you have seen.
                   A       B       C       D       E      F
               +-------+-------+-------+-------+-------+----------------------
         Total | 100.0 | 100.0 |   N/A |   N/A | 100.0 | 143.2
       Dungeon | 100.0 | 100.0 |   N/A |   N/A | 100.0 | 143.2
               +-------+-------+-------+-------+-------+----------------------

Table legend: (Time is in decaauts)
 A = Elapsed time spent in this place.
 B = Non-inter-level travel time spent in this place.
 C = Inter-level travel time spent in this place.
 D = Time resting spent in this place.
 E = Time spent auto-exploring this place.
 F = Levels seen in this place.
 G = Mean time per level.
                   A        B        C        D        E       F      G
               +--------+--------+--------+--------+--------+-----+--------+
         Total |   2260 |   2116 |    144 |     91 |   1516 |   4 |  565.0 |
       Dungeon |   2260 |   2116 |    144 |     91 |   1516 |   4 |  565.0 |
               +--------+--------+--------+--------+--------+-----+--------+

Top non-repeatable levels by time:
     D:1: 882 daAuts
     D:3: 747 daAuts
     D:4: 370 daAuts
     D:2: 260 daAuts
